 Dungeon Crawl Stone Soup version 0.22.1-5-g62c59d919a (webtiles) character file.

255 Forgol the Slasher (level 5, -19/50 HPs)
             Began as a Deep Dwarf Berserker on Jan 14, 2019.
             Was a Believer of Trog.
             Demolished by an ogre
             ... wielding a +0 giant club
              (23 damage)
             ... on level 4 of the Dungeon.
             The game lasted 00:08:58 (3163 turns).

Forgol the Slasher (Deep Dwarf Berserker)           Turns: 3163, Time: 00:08:59

Health: -19/50     AC:  9    Str: 22    XL:     5   Next: 91%
Magic:  5/5        EV:  8    Int:  7    God:    Trog [**....]
Gold:   225        SH:  0    Dex: 12    Spells: 4/4 levels left

rFire    . . .     SeeInvis .   a - +0 falchion
rCold    . . .     Gourm    .   (no shield)
rNeg     . . .     Faith    .   u - +0 chain mail
rPois    .         Spirit   .   (no helmet)
rElec    .         Reflect  .   (no cloak)
rCorr    .         Harm     .   (no gloves)
MR       .....                  (no boots)
Stlth    ..........             (no amulet)
HPRegen  0.00/turn              (no ring)
MPRegen  0.09/turn              (no ring)

@: non-regenerating
A: damage resistance, heal wounds, sense surroundings 1, no regeneration
a: Heal Wounds, Berserk, Trog's Hand, Renounce Religion


You were on level 4 of the Dungeon.
You worshipped Trog.
Trog was pleased with you.
You were hungry.

You visited 1 branch of the dungeon, and saw 4 of its levels.

You collected 225 gold pieces.

Inventory:

Hand Weapons
 a - a +0 falchion (weapon)
Missiles
 k - 8 tomahawks of returning (quivered)
Armour
 b - a +0 animal skin
 g - a +0 ring mail
 o - a scarf of spirit shield
 u - a +0 chain mail (worn)
Wands
 f - a wand of digging (11)
 v - a wand of flame (39)
Scrolls
 e - a scroll of fog
 j - a scroll of remove curse {unknown}
 p - 2 scrolls of identify
 r - a scroll of noise {unknown}
 t - a scroll of blinking
Potions
 d - a potion of magic
 h - 2 potions of curing {unknown}
 i - a potion of heal wounds {unknown}
 l - a potion of resistance {unknown}
 m - a potion of invisibility {unknown}
 n - 4 potions of brilliance {unknown}
 q - a potion of ambrosia {unknown}
Comestibles
 c - 3 rations
 s - 4 chunks of flesh


   Skills:
 + Level 3.8 Fighting
 * Level 5.2 Long Blades
 + Level 3.8 Armour
 - Level 2.1 Dodging


You had 4 spell levels left.
You didn't know any spells.
Your spell library was empty.

Dungeon Overview and Level Annotations

Branches:
Dungeon (4/15)
 Temple: D:4-7

Altars:
Cheibriados
Elyvilon
Uskayaw
Wu Jian
The Shining One

Shops:
D:4 [


Innate Abilities, Weirdness & Mutations

You are resistant to damage.
You can heal yourself by infusing magical energy.
You passively map a small area around you.
You do not regenerate.


Message History

The ogre is lightly wounded.
The ogre closely misses you.
You hit the ogre but do no damage.
The ogre is lightly wounded.
The ogre hits you with a giant club!!
You hit the ogre.
The ogre is moderately wounded.
The ogre hits you with a giant club!!
* * * LOW HITPOINT WARNING * * *
You hit the ogre.
The ogre is moderately wounded.
You hit the ogre.
The ogre is heavily wounded.
The ogre barely misses you.
You riposte.
Your chain mail prevents you from hitting the ogre.
The ogre is heavily wounded.
You barely miss the ogre.
The ogre is heavily wounded.
The ogre hits you with a giant club!!
You die...

#.# #...))..# #.##
,..# #..####.###...
#,#.# #..##.........
#.#.# #..##.#.######
#####.#<###..#.#...##
....O.........#.....##
** ,#)###..#.#.....###
,#O# #...###....... ,
,#@####.#.#.....### *
#.(....##.....## *
##########...## ,
##### * *


You could see an ogre.

Vanquished Creatures
  An ogre (D:4)
  An orc wizard (D:4)
  Ijyb (D:3)
  3 adders (D:2)
  2 gnolls (D:4)
  A worm (D:2)
  A dart slug (D:1)
  4 leopard geckos
  4 orcs (D:4)
  11 bats
  8 hobgoblins
  4 jackals (D:4)
  3 quokkas
  4 frilled lizards
  3 goblins
  3 kobolds
  7 rats
61 creatures vanquished.

Notes
Turn   | Place    | Note
-------+----------+-------------------------------------------
     0 | D:1      | Forgol the Deep Dwarf Berserker began the quest for the
                  | Orb.
     0 | D:1      | Reached XP level 1. HP: 20/20 MP: 1/1
   208 | D:1      | Reached XP level 2. HP: 27/27 MP: 2/2
   775 | D:2      | Reached XP level 3. HP: 34/34 MP: 3/3
   870 | D:2      | Reached ** piety under Trog
   992 | D:2      | Found a white marble altar of Elyvilon.
  1084 | D:2      | Reached skill level 4 in Long Blades
  1355 | D:2      | Reached XP level 4. HP: 17/42 MP: 4/4
  1867 | D:3      | Noticed Ijyb
  1875 | D:3      | Killed Ijyb
  1945 | D:3      | You fall through a shaft!
  2667 | D:4      | Found a hide-covered altar of Uskayaw.
  2667 | D:4      | Found a glowing golden altar of the Shining One.
  2667 | D:4      | Found a snail-covered altar of Cheibriados.
  2667 | D:4      | Found an ornate altar of the Wu Jian Council.
  2818 | D:4      | Noticed an ogre
  2831 | D:4      | Killed an ogre
  2831 | D:4      | Reached XP level 5. HP: 9/49 MP: 5/5
  2950 | D:4      | Found Veycaze's Armour Emporium.
  3020 | D:4      | Reached skill level 5 in Long Blades
  3151 | D:4      | Noticed an ogre
  3163 | D:4      | Demolished by an ogre

Skill      XL: |  1  2  3  4  5 |
---------------+----------------+-----
Fighting       | 3 |  3.8
Long Blades    | 4 5 |  5.2
Armour         | 3 |  3.8
Dodging        | |  2.1

Action                   |  1- 3 |  4- 6 || total
-------------------------+-------+-------++-------
Melee: Falchion          |   149 |    72 ||   221
Invok: Trog's Hand       |       |     3 ||     3
       Berserk           |       |     1 ||     1
 Abil: Heal Wounds       |       |     1 ||     1
  Use: Scroll            |     3 |       ||     3
  Eat: Chunk             |     2 |     7 ||     9
Armor: Animal skin       |    10 |       ||    10
       Ring mail         |    68 |    17 ||    85
       Chain mail        |       |     3 ||     3
Dodge: Dodged            |   127 |    37 ||   164
       Rpst.: Falchion   |    43 |    17 ||    60
